cohdb
Replays
Latest Replays
All Replays
Popular Replays
Top Player Replays
Match Explorer
How It Works
Community
CoH3 Stats
Reddit
Sign in to upload your games and track your stats! →
Sign in with Steam
Match 41810706
Unlisted
Match 41810706
Overview
Messages
Build Orders
End
Kettenkrad Recon Vehicle
Construct Infanterie Kompanie
Grenadier Squad
MG 42 Machine Gun Team
Grenadier Squad
Construct Luftwaffe Kompanie
Selects Italian Coastal Battlegroup
Selects Designate Defensive Line
Designate Defensive Line
221 Scout Car
Flak 30 Anti-aircraft Gun Team
Selects Rapid Fortifications
Rapid Fortifications
Medical Bunker
Selects Coastal Reserves
Selects Artillery Officer
Artillery Officer
Construct Panzer Kompanie
Rapid Fortifications
MG 42 Bunker
Jäger Squad
Panzer Officer Quarters
Selects Call the Reserves!
Call the Reserves!
Rapid Fortifications
Selects Obice da 210/22 Artillery Emplacement
Repair Bunker
HulkSMASH
유파_Yupa
Kim Jong-un
Pinhead Larry
YangXYZ
Purple Cross
0
0
Comments
sign in to comment!
No comments posted yet!